 Dungeon Crawl Stone Soup version bcrawl-1.13.2 (webtiles) character file.

Game seed: 4695638981824575484

388 Revguard the Slasher (level 6, -4/44 HPs)
             Began as a Demonspawn Archaeologist on Aug 8, 2019.
             Killed by divine providence
             ... invoked by an orc priest
              (9 damage)
             ... on level 4 of the Dungeon.
             The game lasted 00:08:23 (4013 turns).

Revguard the Slasher (Demonspawn Archaeologist)     Turns: 4013, Time: 00:08:23

Health: -4/44      AC: 10    Str: 12    XL:     6   Next: 49%
Magic:  6/6        EV: 12    Int: 15    God:
Gold:   188        SH:  1    Dex: 13    Spells: 5/5 levels left

rFire    . . .     SeeInvis .   f - +7 Screaming Sword {slice, sonic wave}
rCold    . . .     Gourm    .   (no shield)
rNeg     . . .     Faith    .   v - +0 ring mail
rPois    .         Spirit   .   c - +1 hat
rElec    .         Reflect  .   (no cloak)
rCorr    .         Harm     .   (no gloves)
MR       .....                  d - +1 pair of boots
Stlth    ++........             (no amulet)
HPRegen  0.14/turn              (no ring)
MPRegen  0.10/turn              (no ring)

@: no status effects
A: horns 1, iridescent scales 1
a: no special abilities


You were on level 4 of the Dungeon.
You were hungry.

You visited 1 branch of the dungeon, and saw 4 of its levels.

You collected 188 gold pieces.

Inventory:

Hand Weapons
 a - a +0 whip
 f - the +7 Screaming Sword (weapon) {slice, sonic wave}

   It inflicts extra damage upon your enemies.
 i - a +0 mace
 r - a +0 short sword of venom
Missiles
 p - 80 tomahawks (quivered)
Armour
 c - a +1 hat (worn)
 d - a +1 pair of boots (worn)
 v - a +0 ring mail (worn)
Jewellery
 o - an uncursed ring of magical power
Scrolls
 h - a scroll of immolation
 j - 2 scrolls of fog
 m - 3 scrolls of remove curse
 n - a scroll of enchant armour
Potions
 l - 3 potions of curing
 s - a potion of heal wounds
Comestibles
 g - 6 rations {!d}


   Skills:
 * Level 2.0 Fighting
 * Level 6.7 Long Blades
 - Level 1.2 Maces & Flails
 + Level 1.0 Armour
 + Level 3.7 Dodging
 - Level 3.0 Stealth


You had 5 spell levels left.
You didn't know any spells.
Your spell library contained the following spells:

 Spells                   Type           Power        Failure   Level  Hunger
 Magic Dart               Conj           #...         52%         1    ##.....
 Slow                     Hex            #.......     52%         1    ##.....
 Blink                    Tloc           N/A          67%         2    ###....
 Call Imp                 Summ           #.......     67%         2    ###....
 Conjure Flame            Conj/Fire      #.......     88%         3    ####...
 Mephitic Cloud           Conj/Pois/Air  #.......     88%         3    ####...


Dungeon Overview and Level Annotations

Branches:
Dungeon (4/12)
 Temple: D:4-7

Altars:
Ashenzari
Fedhas
Wu Jian
Xom


Innate Abilities, Weirdness & Mutations

You have a pair of small horns on your head.
You are partially covered in iridescent scales. (AC +2)


Message History

You slash the orc priest!
You kill the orc priest!
Your Fighting skill increases to level 2!
The jackal barely misses you.
An ogre comes into view. It is wielding a +0 giant spiked club.
An orc priest comes into view. It is wielding a +0 hand axe.
The orc priest invokes the aid of Beogh against you.
Beogh smites you!
The jackal bites you but does no damage.
The ogre shouts!
You hit the jackal.
You kill the jackal!
You see here a jackal corpse.
The orc barely misses you.
The orc priest mumbles some strange prayers to Beogh against you.
Beogh smites you!
* * * LOW HITPOINT WARNING * * *
The orc priest calls down the wrath of Beogh upon you.
Beogh smites you!
You die...

####
######....
...#.....
##†.......
#<.†# #...#
#...#
#$###.@)#
#....o†[#.#
#..#oo....#
#.......#.#
#.Oo###.#.#
#... >.. .
#... ......
#.$ ..#.###
#. ##..


You could see an ogre, 2 orc priests and 2 orcs.

Vanquished Creatures
  An ogre (D:3)
  A scorpion (D:4)
  A crimson imp (D:3)
  An orc priest (D:4)
  A worker ant (D:4)
  5 adders (D:3)
  A shadow imp (D:3)
  2 oozes
  5 worms
  A dart slug (D:1)
  9 leopard geckos
  2 orcs
  A ball python (D:2)
  4 bats (D:1)
  A giant cockroach (D:3)
  4 goblins
  12 hobgoblins
  9 jackals
  A quokka (D:1)
  4 frilled lizards
  14 kobolds
  5 rats
85 creatures vanquished.

Notes
Turn   | Place    | Note
-------+----------+-------------------------------------------
     0 | D:1      | Revguard the Demonspawn Archaeologist began the quest for
                  | the Orb.
     0 | D:1      | Reached XP level 1. HP: 15/15 MP: 1/1
   261 | D:1      | Gained mutation: You are partially covered in iridescent
                  | scales. (AC +2) [demonic ancestry]
   261 | D:1      | Reached XP level 2. HP: 8/21 MP: 2/2
   262 | D:1      | Reached skill level 1 in Maces & Flails
   871 | D:1      | Gained mutation: You have a pair of small horns on your
                  | head. [demonic ancestry]
   871 | D:1      | Reached XP level 3. HP: 8/26 MP: 3/3
  1206 | D:1      | Reached skill level 1 in Long Blades
  1475 | D:2      | Found a blossoming altar of Fedhas.
  1589 | D:2      | Reached skill level 2 in Long Blades
  1594 | D:2      | Found a shattered altar of Ashenzari.
  1891 | D:2      | Reached XP level 4. HP: 23/33 MP: 4/4
  2362 | D:3      | Reached skill level 3 in Long Blades
  2510 | D:3      | Noticed an ogre
  2524 | D:3      | Killed an ogre
  2524 | D:3      | Reached skill level 5 in Long Blades
  2524 | D:3      | Reached XP level 5. HP: 16/38 MP: 5/5
  2741 | D:3      | Found a shimmering altar of Xom.
  3393 | D:3      | Reached skill level 6 in Long Blades
  3545 | D:3      | Found an ornate altar of the Wu Jian Council.
  3809 | D:3      | Reached XP level 6. HP: 31/44 MP: 6/6
  3990 | D:4      | Reached skill level 1 in Armour
  4013 | D:4      | Killed from afar by an orc priest

Skill      XL: |  1  2  3  4  5  6 |
---------------+-------------------+-----
Dodging        | 3 |  3.7
Maces & Flails | 1 |  1.2
Long Blades    | 2 5 6 |  6.7
Armour         | 1 |  1.0
Fighting       | 2 |  2.0
Stealth        | |  3.0

Action                   |  1- 3 |  4- 6 || total
-------------------------+-------+-------++-------
Melee: Whip              |    46 |       ||    46
       Mace              |   158 |   115 ||   273
       Headbutt          |     5 |    24 ||    29
       Short sword       |       |    27 ||    27
       Double sword      |       |    23 ||    23
Throw: Tomahawk          |       |    18 ||    18
  Use: Scroll            |       |    10 ||    10
       Potion            |       |     1 ||     1
 Stab: Sleeping          |     2 |     3 ||     5
  Eat: Chunk             |     3 |     7 ||    10
Armor: Robe              |   126 |    33 ||   159
       Ring mail         |       |    22 ||    22
Dodge: Dodged            |   271 |   133 ||   404
